BR (22 & UNDER)
FORT COLLINS COMMONERS @ CORONADO ECLIPSE
08/27/2029
 
TOP OF THE 1ST
Fort Collins Commoners batting - Pitching for Coronado Eclipse : RHP Juan Salazar
Pitching: RHP Juan Salazar
Batting: LHB Matt Taylor 0-0: Ball
1-0: Fly out, F8 (Flyball, 8RD)
Batting: RHB António Díaz 0-0: Ball
1-0: Swinging Strike
1-1: Ground out 4-3 (Groundball, 4)
Batting: LHB Paul Lee 0-0: Called Strike
0-1: DOUBLE (Line Drive, 7D)
Batting: RHB David Brady 0-0: Swinging Strike
0-1: Ball
1-1: Ground out 5-3 (Groundball, 56S)
Top of the 1st over - 0 runs, 1 hit, 0 errors, 1 left on base; Fort Collins 0 - Coronado 0
BOTTOM OF THE 1ST
Coronado Eclipse batting - Pitching for Fort Collins Commoners : RHP Eugene Johnston
Pitching: RHP Eugene Johnston
Batting: RHB Arturo Franco 0-0: Ball
1-0: Ball
2-0: Fly out, F3 (Popup, 34S)
Batting: SHB Luis Sotelo 0-0: Foul Ball, location: 2F
0-1: Ball
1-1: Called Strike
1-2: Ball
2-2: Strikes out looking
Batting: RHB Júlio Serra 0-0: Ball
1-0: Ball
2-0: Foul Ball, location: 2F
2-1: Ball
3-1: Foul Ball, location: 2F
3-2: Base on Balls
Batting: RHB Ramón Sánchez 0-0: Hit by Pitch
Júlio Serra to second
Batting: RHB Fred Wagner 0-0: Ball
Wild Pitch!
Júlio Serra to third
Ramón Sánchez to second
1-0: Called Strike
1-1: Swinging Strike
1-2: Ball
2-2: Ball
3-2: Base on Balls
Batting: LHB Todd Emery 0-0: Foul Ball, location: 2F
0-1: Called Strike
0-2: Strikes out swinging
Bottom of the 1st over - 0 runs, 0 hits, 0 errors, 3 left on base; Fort Collins 0 - Coronado 0
TOP OF THE 2ND
Fort Collins Commoners batting - Pitching for Coronado Eclipse : RHP Juan Salazar
Batting: LHB Caleb Ruíz 0-0: Ball
1-0: Foul Ball, location: 2F
1-1: Called Strike
1-2: Strikes out looking
Batting: RHB Ismael Rodríguez 0-0: Ball
1-0: Foul Ball, location: 2F
1-1: Ball
2-1: Fly out, F7 (Line Drive, 7LM)
Batting: RHB Shawn López 0-0: Ball
1-0: Ball
2-0: Foul Ball, location: 2F
2-1: Foul Ball, location: 2F
2-2: Ball
3-2: Strikes out swinging
Top of the 2nd over - 0 runs, 0 hits, 0 errors, 0 left on base; Fort Collins 0 - Coronado 0
BOTTOM OF THE 2ND
Coronado Eclipse batting - Pitching for Fort Collins Commoners : RHP Eugene Johnston
Batting: RHB Ricardo Aguilar 0-0: Called Strike
0-1: Foul Ball, location: 2F
0-2: Strikes out swinging
Batting: LHB Julián Díaz 0-0: Ball
1-0: Fly out, F7 (Flyball, 7S)
Batting: LHB António Ramírez 0-0: Ball
1-0: Called Strike
1-1: Called Strike
1-2: Strikes out swinging
Bottom of the 2nd over - 0 runs, 0 hits, 0 errors, 0 left on base; Fort Collins 0 - Coronado 0
TOP OF THE 3RD
Fort Collins Commoners batting - Pitching for Coronado Eclipse : RHP Juan Salazar
Batting: SHB Paul Davenport 0-0: Foul Ball, location: 2F
0-1: Ball
1-1: Foul Ball, location: 2F
1-2: SINGLE (Line Drive, 9S)
Batting: RHB António Rodríguez 0-0: Ball
1-0: Ball
2-0: Ball
3-0: Base on Balls
Paul Davenport to second
Batting: LHB Matt Taylor 0-0: SINGLE (Line Drive, 89S)
Paul Davenport to third
António Rodríguez to second
Batting: RHB António Díaz 0-0: Called Strike
0-1: Called Strike
0-2: Ball
1-2: Ball
2-2: Fly out, F9 (Flyball, 9)
Batting: LHB Paul Lee 0-0: Called Strike
0-1: Ball
1-1: Swinging Strike
1-2: Foul Ball, location: 2F
1-2: Strikes out looking
Batting: RHB David Brady 0-0: Called Strike
0-1: Fly out, F8 (Flyball, 8LS)
Top of the 3rd over - 0 runs, 2 hits, 0 errors, 3 left on base; Fort Collins 0 - Coronado 0
BOTTOM OF THE 3RD
Coronado Eclipse batting - Pitching for Fort Collins Commoners : RHP Eugene Johnston
Batting: RHB Arturo Franco 0-0: Foul Ball, location: 2F
0-1: Called Strike
0-2: Ball
1-2: Strikes out swinging
Batting: SHB Luis Sotelo 0-0: Ball
1-0: Fly out, F9 (Flyball, 89M)
Batting: RHB Júlio Serra 0-0: Ball
1-0: Called Strike
1-1: Reached on error, E7 (Line Drive, 7S)
Batting: RHB Ramón Sánchez 0-0: Ball
1-0: Ball
2-0: Ball
3-0: Base on Balls
Batting: RHB Fred Wagner 0-0: Ball
Passed Ball!
Júlio Serra to third
Ramón Sánchez to second
1-0: Ball
2-0: Ball
3-0: Called Strike
3-1: Ground out 4-3 (Groundball, 4)
Bottom of the 3rd over - 0 runs, 0 hits, 1 error, 2 left on base; Fort Collins 0 - Coronado 0
TOP OF THE 4TH
Fort Collins Commoners batting - Pitching for Coronado Eclipse : RHP Juan Salazar
Batting: LHB Caleb Ruíz 0-0: Ball
1-0: Ground out 4-3 (Groundball, 4S)
Batting: RHB Ismael Rodríguez 0-0: Ball
1-0: Ball
2-0: Ball
3-0: Called Strike
3-1: Fly out, F9 (Line Drive, 9S)
Batting: RHB Shawn López 0-0: Ball
1-0: Called Strike
1-1: SINGLE (Groundball, 34D)
Batting: SHB Paul Davenport 0-0: Called Strike
0-1: Foul Ball, location: 2F
0-2: Ball
1-2: Ball
2-2: Fly out, F8 (Flyball, 8RM)
Top of the 4th over - 0 runs, 1 hit, 0 errors, 1 left on base; Fort Collins 0 - Coronado 0
BOTTOM OF THE 4TH
Coronado Eclipse batting - Pitching for Fort Collins Commoners : RHP Eugene Johnston
Batting: LHB Todd Emery 0-0: Ball
1-0: Ball
2-0: Called Strike
2-1: Swinging Strike
2-2: Ball
3-2: Foul Ball, location: 2F
3-2: Base on Balls
Batting: RHB Ricardo Aguilar 0-0: Foul Ball, location: 2F
0-1: Ball
1-1: Ball
2-1: Fielders Choice at 2nd, 3-6 (Groundball, 3)
Batting: LHB Julián Díaz 0-0: Ball
1-0: Grounds into double play, 1-6-3 (Groundball, 13S)
Bottom of the 4th over - 0 runs, 0 hits, 0 errors, 0 left on base; Fort Collins 0 - Coronado 0
TOP OF THE 5TH
Fort Collins Commoners batting - Pitching for Coronado Eclipse : RHP Juan Salazar
Batting: RHB António Rodríguez 0-0: Called Strike
0-1: Ball
1-1: Bunt for hit - play at first, batter OUT! 3-4
Batting: LHB Matt Taylor 0-0: Ball
1-0: Swinging Strike
1-1: Ball
2-1: Called Strike
2-2: Foul Ball, location: 2F
2-2: Ball
3-2: Strikes out swinging
Batting: RHB António Díaz 0-0: Called Strike
0-1: Ball
1-1: Called Strike
1-2: SINGLE (Line Drive, 6M)
Batting: LHB Paul Lee 0-0: Ball
1-0: Ball
2-0: Ground out 4-3 (Groundball, 4)
Top of the 5th over - 0 runs, 1 hit, 0 errors, 1 left on base; Fort Collins 0 - Coronado 0
BOTTOM OF THE 5TH
Coronado Eclipse batting - Pitching for Fort Collins Commoners : RHP Eugene Johnston
Batting: LHB António Ramírez 0-0: Ball
1-0: Ball
2-0: Called Strike
2-1: Ground out 4-3 (Groundball, 4)
Batting: RHB Arturo Franco 0-0: Called Strike
0-1: Ball
1-1: SINGLE (Line Drive, 6M)
Batting: SHB Luis Sotelo 0-0: Ball
1-0: Called Strike
1-1: Ball
2-1: Called Strike
2-2: Ground out 1-3 (Groundball, P)
Arturo Franco to second
Batting: RHB Júlio Serra 0-0: Called Strike
0-1: DOUBLE (Line Drive, 5D)
Arturo Franco scores
Batting: RHB Ramón Sánchez 0-0: 2-RUN HOME RUN (Flyball, 7LD), Distance : 352 ft
Batting: RHB Fred Wagner 0-0: Called Strike
0-1: Ball
1-1: SINGLE (Groundball, 4MD)
Batting: LHB Todd Emery 0-0: Called Strike
0-1: Ball
1-1: Called Strike
1-2: Ball
2-2: Strikes out swinging
Bottom of the 5th over - 3 runs, 4 hits, 0 errors, 1 left on base; Fort Collins 0 - Coronado 3
TOP OF THE 6TH
Fort Collins Commoners batting - Pitching for Coronado Eclipse : RHP Juan Salazar
Batting: RHB David Brady 0-0: Fly out, F9 (Flyball, 9LSF)
Batting: LHB Caleb Ruíz 0-0: Called Strike
0-1: Foul Ball, location: 2F
0-2: Strikes out looking
Batting: RHB Ismael Rodríguez 0-0: Called Strike
0-1: Ball
1-1: Ball
2-1: Foul Ball, location: 2F
2-2: Foul Ball, location: 2F
2-2: Fly out, F8 (Flyball, 8LM)
Top of the 6th over - 0 runs, 0 hits, 0 errors, 0 left on base; Fort Collins 0 - Coronado 3
BOTTOM OF THE 6TH
Coronado Eclipse batting - Pitching for Fort Collins Commoners : RHP Eugene Johnston
Pitching: RHP Vicente Castro
Batting: RHB Ricardo Aguilar 0-0: Called Strike
0-1: Called Strike
0-2: Ball
1-2: Strikes out swinging
Batting: LHB Julián Díaz 0-0: Ball
1-0: Ball
2-0: Foul Ball, location: 2F
2-1: Fly out, F6 (Popup, 6)
Batting: LHB António Ramírez 0-0: Ball
1-0: Ball
2-0: Swinging Strike
2-1: Foul Ball, location: 2F
2-2: Foul Ball, location: 2F
2-2: Strikes out looking
Bottom of the 6th over - 0 runs, 0 hits, 0 errors, 0 left on base; Fort Collins 0 - Coronado 3
TOP OF THE 7TH
Fort Collins Commoners batting - Pitching for Coronado Eclipse : RHP Juan Salazar
Batting: RHB Shawn López 0-0: Ball
1-0: Swinging Strike
1-1: Ball
2-1: Foul Ball, location: 2F
2-2: Ball
3-2: Ground out 5-3 (Groundball, 5S)
Batting: SHB Paul Davenport 0-0: Ball
1-0: Foul Ball, location: 2F
1-1: Ground out 4-3 (Groundball, 4)
Batting: RHB António Rodríguez 0-0: Called Strike
0-1: Ball
1-1: Fly out, F9 (Flyball, 9LSF)
Top of the 7th over - 0 runs, 0 hits, 0 errors, 0 left on base; Fort Collins 0 - Coronado 3
BOTTOM OF THE 7TH
Coronado Eclipse batting - Pitching for Fort Collins Commoners : RHP Vicente Castro
Batting: RHB Arturo Franco 0-0: Swinging Strike
0-1: Ball
1-1: Swinging Strike
1-2: Strikes out swinging
Batting: SHB Luis Sotelo 0-0: Ball
1-0: DOUBLE (Line Drive, 8RD)
Batting: RHB Júlio Serra 0-0: Intentional Walk
Batting: RHB Ramón Sánchez 0-0: Ball
1-0: Ball
2-0: Ball
Wild Pitch!
Luis Sotelo to third
Júlio Serra to second
3-0: Called Strike
3-1: SINGLE (Line Drive, 4)
Luis Sotelo scores
Júlio Serra to third
Runner from 3rd tries for Home, SAFE, no throw
Batting: RHB Fred Wagner 0-0: Ball
1-0: Ball
2-0: Called Strike
2-1: Called Strike
2-2: Ball
3-2: Fly out, F8 (Flyball, 8RM)
Batting: LHB Todd Emery 0-0: Foul Ball, location: 2F
0-1: Called Strike
0-2: Ball
1-2: Ball
2-2: SINGLE (Groundball, 56D)
Ramón Sánchez to second
Batting: RHB Ricardo Aguilar 0-0: Ball
1-0: Ball
2-0: Foul Ball, location: 2F
2-1: Called Strike
2-2: Foul Ball, location: 2F
2-2: Ball
3-2: Foul Ball, location: 2F
3-2: Strikes out swinging passed ball, reaches first!
Ramón Sánchez to third
Todd Emery to second
Batting: LHB Julián Díaz 0-0: Ball
1-0: SINGLE (Groundball, 34D)
Ramón Sánchez scores
Todd Emery to third
Ricardo Aguilar to second
Runner from 3rd tries for Home, SAFE, no throw
Batting: LHB António Ramírez 0-0: Called Strike
0-1: Called Strike
0-2: Strikes out swinging
Bottom of the 7th over - 4 runs, 4 hits, 0 errors, 2 left on base; Fort Collins 0 - Coronado 7
TOP OF THE 8TH
Fort Collins Commoners batting - Pitching for Coronado Eclipse : RHP Juan Salazar
Batting: LHB Matt Taylor 0-0: Ball
1-0: Ball
2-0: Foul Ball, location: 2F
2-1: SINGLE (Groundball, 34D)
Batting: RHB António Díaz 0-0: Called Strike
0-1: Called Strike
0-2: Ball
1-2: Strikes out swinging
Batting: LHB Paul Lee 0-0: Called Strike
0-1: Ball
1-1: Ball
2-1: Swinging Strike
2-2: Strikes out swinging
Batting: RHB David Brady 0-0: Foul Ball, location: 2F
0-1: Foul Ball, location: 2F
0-2: Ball
1-2: Ball
2-2: Ball
3-2: Strikes out swinging
Top of the 8th over - 0 runs, 1 hit, 0 errors, 1 left on base; Fort Collins 0 - Coronado 7
BOTTOM OF THE 8TH
Coronado Eclipse batting - Pitching for Fort Collins Commoners : RHP Vicente Castro
Batting: RHB Arturo Franco 0-0: Ground out 6-3 (Groundball, 6)
Batting: SHB Luis Sotelo 0-0: Ground out 5-3 (Groundball, 56)
Batting: RHB Júlio Serra 0-0: Called Strike
0-1: Ball
1-1: Fly out, F8 (Flyball, 8RD)
Bottom of the 8th over - 0 runs, 0 hits, 0 errors, 0 left on base; Fort Collins 0 - Coronado 7
TOP OF THE 9TH
Fort Collins Commoners batting - Pitching for Coronado Eclipse : RHP Juan Salazar
Now at C: José Acevedo
Now in LF: Vincente Ayala
Batting: LHB Caleb Ruíz 0-0: Ball
1-0: SOLO HOME RUN (Flyball, 9D), Distance : 385 ft
Pitching: RHP Ash Coker
Batting: RHB Ismael Rodríguez 0-0: Foul Ball, location: 2F
0-1: Swinging Strike
0-2: Ball
1-2: Strikes out looking
Batting: RHB Shawn López 0-0: Swinging Strike
0-1: Foul Ball, location: 2F
0-2: Ground out 4-3 (Groundball, 4)
Batting: SHB Paul Davenport 0-0: Ball
1-0: Fly out, F9 (Line Drive, 89M)
Top of the 9th over - 1 run, 1 hit, 0 errors, 0 left on base; Fort Collins 1 - Coronado 7
Saturday, December 16th, 2017 - OOTP Baseball 18.8 Build 76